 Dungeon Crawl Stone Soup version 0.23.1 (webtiles) character file.

Game seed: 0

19992 Gargoyl the Schismatic (level 12, -3/100 HPs)
             Began as a Centaur Abyssal Knight on Mar 13, 2019.
             Was an Elder of Lugonu.
             Slain by a minotaur
             ... wielding a +0 great mace of draining
              (21 damage)
             ... in a Gauntlet on Mar 15, 2019.
             The game lasted 00:22:38 (12646 turns).

Gargoyl the Schismatic (Centaur Abyssal Knight)    Turns: 12646, Time: 00:22:39

Health: -3/100     AC: 16    Str: 23    XL:     12   Next: 41%
Magic:  15/19      EV:  5    Int: 14    God:    Lugonu [****..]
Gold:   635        SH:  8    Dex: 10    Spells: 11/11 levels left

rFire    + + .     SeeInvis +   l - +8 whip of Trog's Reproof {freeze, Str+4}
rCold    . . .     Gourm    .   C - +0 shield
rNeg     + . .     Faith    .   m - +0 chain mail of Fihypasch {Int+3 SInv}
rPois    +         Spirit   .   t - +2 hat
rElec    .         Reflect  .   b - +0 cloak
rCorr    .         Harm     .   F - +0 pair of gloves of Tulips {rPois rF+ MR-}
MR       .....     NoTele   +   (no barding)
Stlth    ..........             q - amulet of regeneration
HPRegen  0.66/turn              e - ring of positive energy
MPRegen  0.16/turn              n - ring of protection from fire

@: drained, very quick
A: large, antennae 1, hooves 3, thin metallic scales 1, blurry vision 1,
deformed body, speed 2, tough skin 3
a: Depart the Abyss, Bend Space, Banish, Corrupt, Renounce Religion


You were in a Gauntlet.
You worshipped Lugonu.
Lugonu was greatly pleased with you.
You were hungry.

You visited 2 branches of the dungeon, and saw 12 of its levels.
You visited the Abyss 1 time.
You also visited: Gauntlet.

You collected 635 gold pieces.

Inventory:

Hand Weapons
 a - a +2 hand axe
 l - the +8 whip of Trog's Reproof (weapon) {freeze, Str+4}
   (You took it off an orc on level 3 of the Dungeon)

   It has been specially enchanted to freeze those struck by it, causing extra
   injury to most foes and up to half again as much damage against particularly
   susceptible opponents.
   It can also slow down cold-blooded creatures.
   It affects your strength (+4).
 E - a +2 hand axe of holy wrath
Missiles
 s - 3 silver tomahawks (quivered)
Armour
 b - a +0 cloak (worn)
 m - the +0 chain mail of Fihypasch (worn) {Int+3 SInv}
   (You took it off an orc on level 3 of the Dungeon)

   It affects your intelligence (+3).
   It lets you see invisible.
 t - a +2 hat (worn)
 C - a +0 shield (worn)
 F - the +0 pair of gloves of Tulips (worn) {rPois rF+ MR-}
   (You found it on level 8 of the Dungeon)

   It protects you from fire.
   It protects you from poison.
   It affects your resistance to hostile enchantments.
Jewellery
 e - a ring of positive energy (left hand)
 n - a ring of protection from fire (right hand)
 p - an uncursed ring of protection from fire
 q - an amulet of regeneration (around neck)
Wands
 h - a wand of disintegration (15)
 k - a wand of random effects (6)
 u - a wand of polymorph (5)
 y - a wand of flame (12)
 A - a wand of digging (3)
 D - a wand of clouds (3)
Scrolls
 f - 4 scrolls of remove curse
 g - a scroll of identify
 j - 2 scrolls of teleportation
 o - 2 scrolls of amnesia
 r - 3 scrolls of fear
 w - a scroll of silence {unknown}
 x - 2 scrolls of magic mapping
Potions
 d - 4 potions of flight
 v - a potion of brilliance
 B - a potion of lignification
Comestibles
 c - 20 rations
 z - 2 chunks of flesh


   Skills:
 + Level 7.4(6.4) Fighting
 + Level 4.0(5.5) Axes
 + Level 7.8(7.3) Maces & Flails
 + Level 0.5(0.0) Throwing
 * Level 9.1(8.1) Armour
 * Level 5.9(5.0) Dodging
 + Level 2.8(1.9) Shields
 * Level 10.3(9.3) Invocations
 + Level 1.6(0.7) Evocations


You had 11 spell levels left.
You didn't know any spells.
Your spell library contained the following spells:

 Spells                   Type           Power        Failure   Level  Hunger
 Corona                   Hex            #......      100%        1    ##.....
 Ensorcelled Hibernation  Hex/Ice        #.....       100%        2    ###....
 Slow                     Hex            #.......     100%        2    ###....
 Confuse                  Hex            #.......     100%        3    ####...
 Dazzling Spray           Conj/Hex       #.....       100%        3    ####...
 Inner Flame              Hex/Fire       #.......     100%        3    ####...
 Portal Projectile        Hex/Tloc       #.....       100%        3    ####...
 Tukima's Dance           Hex            #.......     100%        3    ####...
 Cause Fear               Hex            #.........   100%        4    #####..
 Leda's Liquefaction      Hex/Erth       #.........   100%        4    #####..
 Silence                  Hex/Air        #.........   100%        5    ######.
 Yara's Violent Unravell  Hex/Tmut       #.........   100%        5    ######.
 Deflect Missiles         Chrm/Air       #.........   100%        6    #######
 Discord                  Hex            #.........   100%        8    #######


Dungeon Overview and Level Annotations

Branches:
Dungeon (10/15)            Temple (0/1) D:4            Lair (2/6) D:9
  Swamp (0/4) Lair:2
  Snake: Lair:2-4    Spider: Lair:2-4       Orc: D:9-12

Altars:
Ashenzari
Cheibriados
Fedhas
Gozag
Hepliaklqana
Makhleb
Trog
Vehumet
Xom
Yredelemnul
Beogh

Shops:
D:5 =

Annotations:
D:4 1 runed translucent door
D:7 1 runed translucent door, PeterQ's ghost, novice CeMo
D:10 2 transporters, grerr's ghost, novice DECj Gauntlet 6 transporters, exclusion: obsidian statue


Innate Abilities, Weirdness & Mutations

You have hooves in place of feet.
Armour fits poorly on your strangely shaped body.
You cover ground very quickly.
You have extremely tough skin. (AC +3)
You have a pair of small antennae on your head.
You are partially covered in thin metallic scales. (AC +2)
Scrolls take you a little longer to read.


Message History

The minotaur is moderately wounded.
The minotaur hits you with a +0 great mace of draining!
* * * LOW HITPOINT WARNING * * *
You partially resist.
You feel drained.
* * * LOW HITPOINT WARNING * * *
The minotaur gores you!
* * * LOW HITPOINT WARNING * * *
You feel better.
Press: ? - help, Shift-Dir - straight line, f - minotaur
Aim: a minotaur, wielding a +0 great mace of draining and wearing a +2 crystal plate armour (moderately wounded, slightly transparent, chance to defeat MR: 23%)
The minotaur resists with almost no effort.
You are feeling hungry.
The minotaur hits you with a +0 great mace of draining!
* * * LOW HITPOINT WARNING * * *
You partially resist.
You feel drained.
* * * LOW HITPOINT WARNING * * *
The minotaur gores you but does no damage.
You feel better.
The minotaur hits you with a +0 great mace of draining!!
You die...

#8∩8# #/.[# #8.8#
####[.|####
#8.#8.8#.8### #
...#...#....#
#.#..#8H8#..#.#
#.#..##@##..#.#
#.............#
#.#.##.#(##.#.#
#.#....#....#.#
###.#.#######.#.###
#.................#
#.⌠.⌠.⌠.©.©.⌠.⌠.⌠.#
#.................#
##
###################
##


You could see a minotaur (invisible).

Vanquished Creatures
  Gastronok (Lair:1)
  Harold (Lair:1)
  2 two-headed ogres
  A queen ant (Gauntlet)
  A moth of wrath (Gauntlet)
  Maurice (D:10)
  A spiny frog (Lair:1)
  A black mamba (Lair:1)
  2 komodo dragons (Lair:1)
  A polar bear (Lair:2)
  3 hornets (Gauntlet)
  4 blink frogs (Lair:2)
  3 hippogriffs
  4 redbacks (Gauntlet)
  A spriggan (D:7)
  16 yaks
  A basilisk (Lair:1)
  4 water moccasins
  3 wargs
  5 soldier ants (Gauntlet)
  2 porcupines (Lair:1)
  3 orc warriors
  3 sky beasts
  A phantom (D:7)
  An ice beast (D:6)
  5 ogres
  4 black bears
  An eye of draining (D:9)
  The ghost of ciphuk the Firebug, an amateur NaFE (D:3)
  6 wolves (Lair:1)
  3 centaurs
  4 crocodiles (Lair:1)
  2 big kobolds
  5 bullfrogs
  A wyvern zombie (D:10)
  5 scorpions
  A wyvern skeleton (D:10)
  7 killer bees
  3 howler monkeys (D:10)
  3 crimson imps
  A human zombie (D:4)
  A hound (D:7)
  3 jellies
  Crazy Yiuf (D:2)
  5 orc priests
  10 orc wizards
  10 iguanas
  Terence (D:3)
  8 worker ants
  A hound skeleton (D:6)
  2 worker ant zombies (D:7)
  4 gnolls (D:3)
  6 adders
  2 shadow imps
  An adder skeleton (D:4)
  3 worms
  A dart slug (D:1)
  8 leopard geckos
  38 orcs
  A ball python (D:3)
  2 giant cockroaches
  7 hobgoblins
  2 jackals (D:4)
  15 kobolds
  2 quokkas
  10 bats
  4 frilled lizards
  13 goblins
  A goblin zombie (D:4)
  A leopard gecko zombie (D:7)
  A quokka zombie (D:9)
  4 rats
286 creatures vanquished.

Vanquished Creatures (others)
  3 hydras
  A black mamba (Lair:1)
  A spiny frog (Lair:1)
  2 komodo dragons (Lair:1)
  A basilisk (Lair:1)
  An orc warrior (D:10)
  5 fungi (Lair:1)
  9 plants (Lair:1)
23 creatures vanquished.

Grand Total: 309 creatures vanquished

Notes
Turn   | Place    | Note
-------+----------+-------------------------------------------
     0 | Abyss:1  | Gargoyl the Centaur Abyssal Knight began the quest for the
                  | Orb.
     0 | Abyss:1  | Reached XP level 1. HP: 19/19 MP: 2/2
    89 | Abyss:3  | Found a viscous altar of Jiyva.
   105 | Abyss:3  | Found a corrupted altar of Lugonu.
   117 | Abyss:3  | Noticed a large abomination
   137 | Abyss:3  | Noticed a thrashing horror
   139 | D:1      | Escaped the Abyss
   470 | D:1      | Reached * piety under Lugonu
   470 | D:1      | Reached XP level 2. HP: 19/26 MP: 3/3
  1264 | D:2      | Reached skill level 1 in Dodging
  1359 | D:2      | Found an opulent altar of Gozag.
  1396 | D:2      | Reached XP level 3. HP: 24/31 MP: 4/4
  1769 | D:2      | Found a runed translucent door.
  1770 | D:2      | Noticed Crazy Yiuf
  1969 | D:2      | Killed Crazy Yiuf
  1969 | D:2      | Reached XP level 4. HP: 9/38 MP: 5/5
  2284 | D:3      | Found a runed translucent gate.
  2285 | D:3      | Found a runed translucent gate.
  2285 | D:3      | Noticed ciphuk's ghost (amateur NaFE)
  2286 | D:3      | Found a runed translucent gate.
  2286 | D:3      | Found a roughly hewn altar of Beogh.
  2289 | D:3      | Identified the +8 whip of Trog's Reproof {freeze, Str+4}
  2289 | D:3      | Identified the cursed +0 chain mail of Fihypasch {Int+3
                  | SInv}
  3213 | D:3      | Reached XP level 5. HP: 22/45 MP: 7/7
  3295 | D:3      | Reached ** piety under Lugonu
  3769 | D:3      | Reached skill level 3 in Invocations
  3903 | D:3      | Noticed Terence
  3913 | D:3      | Killed Terence
  4222 | D:3      | Killed ciphuk's ghost
  4222 | D:3      | Reached XP level 6. HP: 51/51 MP: 8/8
  4479 | D:4      | Noticed a sky beast
  4486 | D:4      | Killed a sky beast
  4612 | D:4      | Found a staircase to the Ecumenical Temple.
  4708 | D:4      | Reached *** piety under Lugonu
  4758 | D:4      | Found a snail-covered altar of Cheibriados.
  4955 | D:4      | Found a runed translucent door.
  4955 | D:4      | Noticed a human
  4959 | D:4      | Found a basalt altar of Yredelemnul.
  4975 | D:4      | Reached XP level 7. HP: 55/58 MP: 9/9
  5166 | D:5      | Entered Level 5 of the Dungeon
  5269 | D:5      | Reached skill level 1 in Maces & Flails
  5269 | D:5      | Reached skill level 4 in Invocations
  5389 | D:5      | Found Refutomp's Jewellery Boutique.
  5548 | D:5      | Reached XP level 8. HP: 66/66 MP: 11/11
  5990 | D:7      | Reached skill level 5 in Invocations
  6093 | D:7      | Reached **** piety under Lugonu
  6202 | D:7      | Reached skill level 5 in Armour
  6247 | D:7      | Reached skill level 1 in Evocations
  6341 | D:6      | Reached XP level 9. HP: 51/72 MP: 12/12
  6356 | D:6      | Found a shattered altar of Ashenzari.
  6498 | D:6      | Found a blossoming altar of Fedhas.
  6515 | D:6      | Found a bloodstained altar of Trog.
  6702 | D:7      | Reached skill level 5 in Fighting
  6857 | D:7      | Found a runed translucent door.
  6926 | D:7      | Noticed PeterQ's ghost (novice CeMo)
  7074 | D:7      | Found a radiant altar of Vehumet.
  7075 | D:7      | Found a burning altar of Makhleb.
  7212 | D:8      | Found a hazy altar of Hepliaklqana.
  7215 | D:8      | Found a blossoming altar of Fedhas.
  7218 | D:8      | Found a shimmering altar of Xom.
  7272 | D:8      | Reached skill level 6 in Invocations
  7308 | D:8      | Noticed a two-headed ogre
  7309 | D:8      | Got a pair of translucent gloves
  7352 | D:7      | Killed a two-headed ogre
  7352 | D:7      | Reached skill level 5 in Maces & Flails
  7415 | D:7      | Identified the +0 pair of gloves of Tulips {rPois rF+ MR-}
                  | (You found it on level 8 of the Dungeon)
  7675 | D:9      | Reached XP level 10. HP: 33/81 MP: 15/15
  8104 | D:9      | Found an opulent altar of Gozag.
  8595 | D:9      | Found a staircase to the Lair.
  8779 | D:9      | Reached skill level 7 in Invocations
  8784 | D:9      | Noticed a two-headed ogre
  8796 | D:9      | Killed a two-headed ogre
  9130 | D:10     | Entered Level 10 of the Dungeon
  9139 | D:10     | Reached skill level 1 in Shields
  9259 | D:10     | Reached ***** piety under Lugonu
  9385 | D:10     | Found a transporter.
  9395 | D:10     | Noticed a moth of wrath
  9450 | D:10     | Noticed grerr's ghost (novice DECj)
  9603 | D:10     | Noticed Maurice
  9621 | D:10     | Killed Maurice
  9887 | D:10     | Reached XP level 11. HP: 77/90 MP: 16/16
  9912 | D:10     | Found a transporter.
 10016 | Lair:1   | Entered Level 1 of the Lair of Beasts
 10065 | Lair:1   | Reached skill level 5 in Dodging
 10193 | Lair:1   | Reached skill level 8 in Invocations
 10301 | Lair:1   | Noticed a four-headed hydra
 10352 | Lair:1   | Banished a four-headed hydra
 10887 | Lair:1   | Reached skill level 9 in Invocations
 10911 | Lair:1   | Noticed a five-headed hydra
 10977 | Lair:1   | Noticed Harold
 10999 | Lair:1   | Killed Harold
 11409 | Lair:1   | Noticed Gastronok
 11433 | Lair:1   | Killed Gastronok
 11480 | Lair:1   | Reached XP level 12. HP: 41/100 MP: 18/18
 11496 | Lair:1   | Banished a five-headed hydra
 11949 | Lair:2   | Noticed a six-headed hydra
 11953 | Lair:2   | Banished a six-headed hydra
 12193 | Lair:2   | Reached skill level 10 in Invocations
 12260 | Lair:2   | Found a gate leading to a gauntlet.
 12266 | Gauntlet | Entered a Gauntlet
 12266 | Gauntlet | Found a transporter.
 12266 | Gauntlet | Found a transporter.
 12282 | Gauntlet | Found a transporter.
 12282 | Gauntlet | Noticed a catoblepas
 12286 | Gauntlet | Found a transporter.
 12295 | Gauntlet | Found a transporter.
 12298 | Gauntlet | Found a transporter.
 12306 | Gauntlet | Found a transporter.
 12323 | Gauntlet | Found a transporter.
 12338 | Gauntlet | Found a transporter.
 12342 | Gauntlet | Found a transporter.
 12350 | Gauntlet | Found a transporter.
 12354 | Gauntlet | Found a transporter.
 12410 | Gauntlet | Noticed a queen ant
 12432 | Gauntlet | Killed a queen ant
 12482 | Gauntlet | Gained mutation: You are partially covered in thin metallic
                  | scales. (AC +2) [potion of mutation]
 12482 | Gauntlet | Gained mutation: Scrolls take you a little longer to read.
                  | [potion of mutation]
 12482 | Gauntlet | Gained mutation: You have a pair of small antennae on your
                  | head. [potion of mutation]
 12630 | Gauntlet | Noticed a minotaur
 12646 | Gauntlet | Slain by a minotaur

Skill      XL: |  1  2  3  4  5  6  7  8  9 10 11 12 |
---------------+-------------------------------------+-----
Axes           | 2 3 4 |  4.0
Dodging        | 1 2 3 4 5 |  5.9
Armour         | 2 3 4 5 6 7 8 9 |  9.1
Invocations    | 3 4 5 6 7 9 10 | 10.3
Fighting       | 4 5 6 7 |  7.4
Maces & Flails | 1 3 5 6 7 |  7.8
Evocations     | 1 |  1.6
Shields        | 1 2 |  2.8
Throwing       | |  0.5

Action                   |  1- 3 |  4- 6 |  7- 9 | 10-12 || total
-------------------------+-------+-------+-------+-------++-------
Melee: Hand axe          |    92 |   162 |       |       ||   254
       Kick              |    13 |    36 |    55 |   175 ||   279
       Whip              |       |    48 |   243 |   562 ||   853
Throw: Tomahawk          |       |       |     2 |       ||     2
Invok: Depart the Abyss  |     1 |       |       |       ||     1
       Banish            |       |       |       |    14 ||    14
       Bend Space        |       |       |       |     1 ||     1
Evoke: Wand              |       |       |    14 |     5 ||    19
  Use: Scroll            |     5 |     6 |     6 |     6 ||    23
       Potion            |     1 |     4 |       |     9 ||    14
 Stab: Paralysed         |       |       |     4 |       ||     4
       Confused          |       |       |       |     2 ||     2
  Eat: Chunk             |     1 |     3 |     5 |    13 ||    22
       Ration            |       |     2 |       |     2 ||     4
Armor: Leather armour    |    12 |       |       |       ||    12
       Ring mail         |    50 |    91 |       |       ||   141
       Skin              |       |    39 |       |       ||    39
       Chain mail        |       |    30 |   141 |   268 ||   439
Dodge: Dodged            |    48 |    96 |    74 |    91 ||   309
Block: Shield            |       |       |       |   188 ||   188
